 Dungeon Crawl Stone Soup version 0.28-a0-472-g50180c0d78 (webtiles) character file.

Game seed: 2615371291382144126

35 Jawa73 the Magician (level 3, -1/25 HPs)
             Began as a Djinni Fire Elementalist on Sept 15, 2021.
             Slain by a water moccasin skeleton (6 damage)
             ... on level 2 of the Dungeon.
             The game lasted 00:05:27 (1844 turns).

Jawa73 the Magician (Djinni Fire Elementalist)      Turns: 1844, Time: 00:05:28

Health: -1/25      AC:  2    Str:  7    XL:     3   Next: 55%
Gold:   26         EV: 12    Int: 17    God:
                   SH:  0    Dex: 13

rFire   + + +      SeeInvis .   (no weapon)
rCold   x . .      Faith    .   (no shield)
rNeg    . . .      Spirit   .   a - +0 robe
rPois   ∞          Reflect  .   (no helmet)
rElec   .          Harm     .   (no cloak)
rCorr   .          Rampage  .   (no gloves)
Will    .....                   (boots unavailable)
Stlth   ++........              (no amulet)
HPRegen 0.08/turn               e - ring of protection from fire
MPRegen 0.00/turn               (no ring)

@: flying
A: sickness immunity, fire resistance 2, cold vulnerability 1, float, innate
caster, hp casting, extra vitality 1
a: no special abilities


You were on level 2 of the Dungeon.
You visited 1 branch of the dungeon, and saw 2 of its levels.

You collected 26 gold pieces.

Inventory:

Armour
 a - a +0 robe (worn)
Jewellery
 e - a ring of protection from fire (left hand)
Scrolls
 d - a scroll of magic mapping
Potions
 b - a potion of berserk rage
 c - a potion of flight {unknown}
 f - a potion of attraction {unknown}
 g - 2 potions of curing
 h - 2 potions of resistance {unknown}


   Skills:
 * Level 2.4 Dodging
 + Level 1.7 Stealth
 * Level 3.2 Spellcasting


You couldn't memorise any spells.
You knew the following spells:

 Your Spells              Type           Power      Damage    Failure   Level
a - Foxfire               Conj/Fire      52%        2x1d6     4%          1
b - Scorch                Fire           26%        2d6       7%          2
c - Conjure Flame         Conj/Fire      13%        6-21      13%         3
d - Inner Flame           Hex/Fire       13%        N/A       13%         3
e - Flame Wave            Conj/Fire      13%        3d5       41%         4
f - Beastly Appendage     Tmut           26%        N/A       4%          1
Your spell library was empty.

Dungeon Overview and Level Annotations

Branches:
Dungeon (2/15)

Altars:


Innate Abilities, Weirdness & Mutations

You are immune to sickness and miasma.
You are immune to poison.
Your flesh is very heat resistant. (rF++)
You are vulnerable to cold. (rC-)
You float through the air rather than walking.
You learn spells naturally, not from books.
Your magical power is your life essence.
You have superior vitality. (+4 HP)


Message History

You conjure some foxfire!
The water moccasin skeleton closely misses you.
Casting: Foxfire (safe; 4% risk of failure)
Confirm with . or Enter, or press ? or * to list all spells.
Flames lash the water moccasin skeleton.
The water moccasin skeleton is moderately damaged.
The water moccasin skeleton's fire resistance burns away.
The foxfire hits the water moccasin skeleton.
The water moccasin skeleton is moderately damaged.
The water moccasin skeleton bites you.
Casting: Foxfire (safe; 4% risk of failure)
Press: ? - help, Q - select action, (/) - cycle Dir - look around, f - activate You conjure some foxfire!
The water moccasin skeleton misses you.
Unknown command.
The foxfire hits the water moccasin skeleton.
The water moccasin skeleton is burned terribly!
The water moccasin skeleton is heavily damaged.
The water moccasin skeleton bites you. x2
Your foxfire dissipates!
The water moccasin skeleton barely misses you.
Casting: Foxfire (safe; 4% risk of failure)
Press: ? - help, Q - select action, (/) - cycle Dir - look around, f - activate You conjure some foxfire!
Your foxfire dissipates!
The water moccasin skeleton barely misses you.
The water moccasin skeleton is no longer more vulnerable to fire.
The water moccasin skeleton barely misses you.
Casting: Foxfire (safe; 4% risk of failure)
Press: ? - help, Q - select action, (/) - cycle Dir - look around, f - activate You conjure some foxfire!
The water moccasin skeleton closely misses you.
Your foxfire dissipates!
Casting: Foxfire (safe; 4% risk of failure)
Press: ? - help, Q - select action, (/) - cycle Dir - look around, f - activate You conjure some foxfire!
The water moccasin skeleton bites you.
* * * LOW HITPOINT WARNING * * *
The water moccasin skeleton bites you.
You die...

.........# #......#..........÷#
####.###.#####......#.####.###.##
.....#......................÷....
######.#############.....#.######
........# #.....#.#
######..#.########.#.....#.#
#..#........#.##.####.######
#..#§§§...Zvv.##.# #.......
######..#§######@####^# ########
........#.§v§§§vv§....# ###
........########.###### #...
.................# #.##
###############..# <...# #....#
......# ####...#


You could see a water moccasin skeleton (ally target).

Vanquished Creatures
  An adder (D:2)
  A dart slug (D:1)
  2 ball pythons (D:1)
  2 bats
  A giant cockroach (D:2)
  2 goblins
  2 hobgoblins
  3 jackals (D:2)
  A quokka (D:1)
  A frilled lizard (D:2)
  3 kobolds
  3 rats (D:2)
22 creatures vanquished.

Vanquished Creatures (others)
  34 foxfires
34 creatures vanquished.

Grand Total: 56 creatures vanquished

Notes
Turn   | Place    | Note
-------+----------+-------------------------------------------
     0 | D:1      | Jawa73 the Djinni Fire Elementalist began the quest for the
                  | Orb.
     0 | D:1      | Reached XP level 1. HP: 15/15 MP: 0/0
   425 | D:1      | Reached XP level 2. HP: 18/21 MP: 0/0
   592 | D:1      | Found a faded altar of an unknown god.
  1310 | D:2      | Reached skill level 3 in Spellcasting
  1315 | D:2      | Reached XP level 3. HP: 15/25 MP: 0/0
  1315 | D:2      | Learned a level 1 spell: Beastly Appendage
  1844 | D:2      | Slain by a water moccasin skeleton

Illustrated notes

Levels and vault maps discovered:
D:1:      dpeg_arrival_rhombus, layout_basic, basic_ecumenical_altar
D:2:      layout_basic, chequers_serial_rivers_small_3, minmay_pentomino_w2

Skill      XL: |  1  2 |
---------------+-------+-----
Spellcasting   | 3 |  3.2
Dodging        | |  2.4
Stealth        | |  1.7

Action                   || total
-------------------------++-------
Melee: Unarmed           ||     2
 Cast: Foxfire           ||    22
       Scorch            ||    12
       Conjure Flame     ||     1
  Use: Scroll            ||     3
Armor: Robe              ||     4
Dodge: Dodged            ||    22

Table legend: (Time is in decaauts)
 A = Elapsed time spent in this place.
 B = Non-inter-level travel time spent in this place.
 C = Inter-level travel time spent in this place.
 D = Time resting spent in this place.
 E = Time spent auto-exploring this place.
 F = Levels seen in this place.
 G = Mean time per level.
                   A        B        C        D        E       F      G
               +--------+--------+--------+--------+--------+-----+--------+
         Total |   1843 |   1791 |     52 |    296 |   1305 |   2 |  921.5 |
       Dungeon |   1843 |   1791 |     52 |    296 |   1305 |   2 |  921.5 |
               +--------+--------+--------+--------+--------+-----+--------+

Top non-repeatable levels by time:
     D:1: 1070 daAuts
     D:2: 772 daAuts
